 Dungeon Crawl Stone Soup version 0.24.1-14-gf8d2b509d9 (webtiles) character file.

Game seed: 8248523196218321832, levelgen mode: deterministic

54 sankara the Grave Robber (level 3, 24/24 HPs)
             Began as a Mummy Necromancer on Jan 12, 2020.
             Was an Initiate of Gozag.
             Safely got out of the dungeon.
             The game lasted 00:06:51 (1947 turns).

sankara the Grave Robber (Mummy Necromancer)        Turns: 1947, Time: 00:06:52

Health: 24/24      AC:  3    Str: 11    XL:     3   Next: 66%
Magic:  6/8        EV: 11    Int: 15    God:    Gozag
Gold:   156        SH:  3    Dex: 12    Spells: 8/10 levels left

rFire    x . .     SeeInvis .   (no weapon)
rCold    + . .     Gourm    .   l - +0 buckler
rNeg     + + +     Faith    .   a - +0 robe
rPois    ∞         Spirit   .   e - +0 helmet
rElec    .         Reflect  .   (no cloak)
rCorr    .         Harm     .   (no gloves)
MR       +....                  (no boots)
Stlth    ++........             (no amulet)
HPRegen  0.08/turn              k - ring of protection from magic
MPRegen  0.11/turn              (no ring)

@: no status effects
A: no food or potions, fire vulnerability, cold resistance 1, negative energy
resistance 3, torment resistance, unbreathing
a: Potion Petition, Call Merchant, Bribe Branch, Renounce Religion


You escaped.
You worshipped Gozag.
Gozag was aware of your devotion.
You were not hungry.

You visited 1 branch of the dungeon, and saw 2 of its levels.

You collected 193 gold pieces.
You paid 37 gold pieces to Gozag.

Inventory:

Hand Weapons
 h - a cursed -1 spear
Missiles
 c - 71 stones (quivered)
Armour
 a - a +0 robe (worn)
 e - a +0 helmet (worn)
 l - a +0 buckler (worn)
Jewellery
 k - a ring of protection from magic (left hand)
Scrolls
 b - 3 scrolls of identify {unknown}
 d - a scroll of teleportation {unknown}
 f - a scroll of amnesia {unknown}
 g - a scroll of enchant weapon {unknown}
 i - a scroll of enchant armour {unknown}
 j - a scroll of remove curse {unknown}


   Skills:
 - Level 1.5 Dodging
 - Level 1.5 Stealth
 + Level 0.3 Shields
 + Level 4.0 Spellcasting
 + Level 4.7 Necromancy


You had 8 spell levels left.
You knew the following spells:

 Your Spells              Type           Power        Failure   Level  Hunger
a - Pain                  Necr           ###.         4%          1    N/A
b - Animate Skeleton      Necr           N/A          4%          1    N/A

Your spell library contained the following spells:

 Spells                   Type           Power        Failure   Level  Hunger
 Vampiric Draining        Necr           ###.......   12%         3    N/A
 Animate Dead             Necr           N/A          38%         4    N/A
 Regeneration             Chrm/Necr      Unusable     N/A         3    N/A

Dungeon Overview and Level Annotations

Branches:
Dungeon (2/15)

Altars:
Gozag


Innate Abilities, Weirdness & Mutations

You do not eat or drink.
Your flesh is vulnerable to fire.
You are immune to poison.
Your flesh is cold resistant. (rC+)
You are immune to negative energy. (rN+++)
You are immune to unholy pain and torment.
You can survive without breathing.


Message History

Press: ? - help, Shift-Dir - straight line, f/p - hobgoblin
Aim: a hobgoblin, wielding a +0 club (severely wounded, chance to defeat MR: 87%)
The hobgoblin writhes in agony.
You kill the hobgoblin!
Found a dagger.
You now have 147 gold pieces (gained 8).
You see here a +0 club.
You now have 156 gold pieces (gained 9).
There is a stone staircase leading up here.
Unknown command.
Unknown command.
Unknown command.
Unknown command.
Unknown command.
There is an escape hatch in the ceiling here.
Your magical contamination has completely faded away.
A mysterious force pulls you upwards. The hatch slams shut behind you.
There is a staircase leading out of the dungeon here.
Are you sure you want to leave the Dungeon?
This will make you lose the game!
You have escaped!

#.# #.#............# #..# #. #.#
#..####........########.###. #.#
#..........#.........##..##Z #.#
#..#.#....#.#....#.#.###..Z.
#.###.....#..##.##..#)...# #..#Z
#.Z.#.....#..#...#..#....# ##.#Z
####.#..#..#..#...#..#..#.# #..Z
...#.#...###.........###..# #...
##.#.#.#......#.@.#......## #.Z.
##.#.#.###....#...#....#######...
...#.#.# #.....###....#......#...
####Z#.# #......#.....#.####.#..>
%..Z.#.# #............#.# #.#.##
######.# #..##.....##...# #.#Z##
#.....# #.###.....###..####'#Z##
#.##### #.##.#...#.##.......Z.##
#.# #..###...###.......Z..#


There were no monsters in sight!

Vanquished Creatures
  2 adders (D:2)
  4 bats
  A giant cockroach (D:1)
  2 goblins (D:1)
  8 hobgoblins
  6 jackals
  2 kobolds
  A quokka (D:2)
  2 frilled lizards (D:2)
  4 rats (D:1)
32 creatures vanquished.

Notes
Turn   | Place    | Note
-------+----------+-------------------------------------------
     0 | D:1      | sankara the Mummy Necromancer began the quest for the Orb.
     0 | D:1      | Reached XP level 1. HP: 13/13 MP: 4/4
   102 | D:1      | Learned a level 1 spell: Animate Skeleton
   662 | D:1      | Reached XP level 2. HP: 19/19 MP: 4/6
  1303 | D:2      | Found an opulent altar of Gozag.
  1421 | D:2      | Became a worshipper of Gozag Ym Sagoz the Greedy
  1473 | D:2      | Reached XP level 3. HP: 21/24 MP: 4/8
  1901 | D:2      | Upgraded the game from 0.24.0-123-gd5b16e6ec5 to
                  | 0.24.1-14-gf8d2b509d9
  1947 | D:$      | Safely got out of the dungeon.

Levels and vault maps discovered:
D:1:      erik_arrival_blinker_ship, layout_basic
D:2:      layout_basic, nicolae_gozag_cash_rules_everything_around_me

Skill      XL: |  1  2  3 |
---------------+----------+-----
Spellcasting   | 3 4 |  4.0
Dodging        | |  1.5
Stealth        | |  1.5
Shields        | |  0.3
Necromancy     | |  4.7

Action                   || total
-------------------------++-------
Melee: Unarmed           ||    26
 Cast: Pain              ||    64
       Animate Skeleton  ||    12
Armor: Robe              ||    11
Dodge: Dodged            ||    38
Block: Buckler           ||     2
